 Dungeon Crawl Stone Soup version 0.19.0-18-g426998a (console) character file.

774 Kloppie the Skirmisher (level 7, -14/62 HPs)
             Began as a Demigod Fighter on Nov 11, 2016.
             Demolished by an ogre
             ... wielding a +0 giant club
              (22 damage)
             ... on level 6 of the Dungeon.
             The game lasted 00:07:18 (4497 turns).

Kloppie the Skirmisher (Demigod Fighter)            Turns: 4497, Time: 00:07:18

Health: -14/62     AC: 10    Str: 19    XL:     7   Next: 28%
Magic:  9/9        EV:  7    Int: 12    God:
Gold:   201        SH:  5    Dex: 19    Spells: 0 memorised, 6 levels left

rFire  . . .     SeeInvis .     a - +0 long sword
rCold  . . .     Gourm    .     o - +0 chain mail
rNeg   + . .     Faith    .     q - +0 buckler
rPois  .         Spirit   .     (no helmet)
rElec  .         Reflect  .     g - +0 cloak
rCorr  .         Harm     .     (no gloves)
MR     .....                    (no boots)
Stlth  ..........               (no amulet)
                                y - ring of positive energy
                                (no ring)

@: no status effects
A: high mp 1
a: no special abilities


You were on level 6 of the Dungeon.
You were not hungry.

You visited 1 branch of the dungeon, and saw 6 of its levels.
You also visited: Sewer.

You collected 201 gold pieces.

Inventory:

Hand Weapons
 a - a +0 long sword (weapon)
Armour
 c - a +0 shield
 g - a +0 cloak (worn)
 o - a +0 chain mail (worn)
 q - a +0 buckler (worn)
Jewellery
 y - a ring of positive energy (right hand)
Wands
 d - a wand of confusion (27/48)
 A - a wand of random effects (33/48)
Scrolls
 h - 2 scrolls of magic mapping
 j - 4 scrolls of immolation
 r - 2 scrolls of teleportation {unknown}
 C - a scroll of brand weapon {unknown}
Potions
 b - 2 potions of flight
 e - 3 potions of cure mutation
 x - a potion of agility {unknown}
 B - a potion of invisibility {unknown}
Books
 l - a book of Necromancy

   Spells                             Type                      Level
   a - Pain                           Necromancy                   1
   b - Animate Skeleton               Necromancy                   1
   c - Vampiric Draining              Necromancy                   3
   d - Regeneration                   Charms/Necromancy            3
   e - Animate Dead                   Necromancy                   4
   f - Control Undead                 Necromancy                   4
Comestibles
 f - 4 bread rations
 i - 3 meat rations
 k - 3 fruits
 s - 2 slices of pizza
 t - a royal jelly
 z - a beef jerky


   Skills:
 - Level 5.8 Fighting
 + Level 5.5 Long Blades
 - Level 2.6 Armour
 + Level 3.4 Shields


You had 6 spell levels left.
You didn't know any spells.

Dungeon Overview and Level Annotations

Branches:
Dungeon (6/15)             Temple (0/1) D:4

Annotations:
D:5 Rrauwl's ghost, novice HEAE


Innate Abilities, Weirdness & Mutations

You have an increased reservoir of magic. (+10% MP)


Message History

The ogre hits you with a giant club!
* * * LOW HITPOINT WARNING * * *
You are too injured to fight recklessly!
You are too injured to fight recklessly!
You are too injured to fight recklessly!
You hit the ogre but do no damage.
The ogre is moderately wounded.
You block the ogre's attack.
You slash the ogre!
The ogre is severely wounded.
The ogre hits you with a giant club!
* * * LOW HITPOINT WARNING * * *
You hit the ogre.
The ogre is almost dead.
The ogre hits you with a giant club!
* * * LOW HITPOINT WARNING * * *
Your chain mail prevents you from hitting the ogre.
The ogre is almost dead.
The ogre hits you with a giant club!!
You die...

#.........######......#
#.......<.# ##.....#
##.##.###.#### #.......#
#.##........##.#.#.#.#.#
#.######.##.##...........
#........##.#.#.#.#.#.#...
###########.#..........
##. #..#.#.#.#.#.#
#....@O......
#.#.#.#.#.#.# ...........
..###.#$#.#.#.# #. ##.....
.... # #.#.#.# #.# ## ....
#.#.#


You could see an ogre.

Vanquished Creatures
  A phantom (D:6)
  A big kobold (Sewer)
  A howler monkey (D:4)
  A crimson imp (D:4)
  A centaur zombie (D:5)
  3 hounds
  An orc priest (D:5)
  3 orc wizards
  3 worker ants
  4 adders
  3 gnolls (D:4)
  2 river rats (Sewer)
  2 oozes
  An adder skeleton (D:5)
  3 worms
  10 dart slugs (D:4)
  A leopard gecko (D:4)
  9 orcs
  4 bats
  6 giant cockroaches
  13 hobgoblins
  4 jackals
  7 kobolds
  A quokka (D:4)
  3 ball pythons
  4 frilled lizards
  A giant cockroach zombie (D:5)
  9 goblins
  A jackal skeleton (D:6)
  A leopard gecko skeleton (D:4)
  A quokka skeleton (D:4)
  14 rats
119 creatures vanquished.

Notes
Turn   | Place    | Note
-------+----------+-------------------------------------------
     0 | D:1      | Kloppie the Demigod Fighter began the quest for the Orb.
     0 | D:1      | Reached XP level 1. HP: 18/18 MP: 3/3
   117 | D:1      | Reached XP level 2. HP: 23/26 MP: 4/4
   887 | D:2      | Reached XP level 3. HP: 19/31 MP: 5/5
  1300 | D:2      | Found a shattered altar of Ashenzari.
  1734 | D:2      | Found a deep blue altar of Sif Muna.
  2110 | D:3      | Reached XP level 4. HP: 33/40 MP: 6/6
  2117 | D:3      | Found a glowing drain.
  2126 | Sewer    | Entered a sewer
  2320 | Sewer    | Noticed a big kobold
  2339 | Sewer    | Killed a big kobold
  2339 | Sewer    | Reached XP level 5. HP: 40/47 MP: 7/7
  2362 | Sewer    | Found a glowing silver altar of Zin.
  3187 | D:4      | Reached skill level 5 in Fighting
  3284 | D:4      | Found a staircase to the Ecumenical Temple.
  3359 | D:4      | Found a glowing golden altar of the Shining One.
  3556 | D:4      | Reached XP level 6. HP: 49/56 MP: 8/8
  3611 | D:4      | Found a basalt altar of Yredelemnul.
  3709 | D:5      | Entered Level 5 of the Dungeon
  3826 | D:5      | Reached skill level 5 in Long Blades
  3833 | D:5      | Reached XP level 7. HP: 17/62 MP: 9/9
  4151 | D:5      | Noticed Rrauwl's ghost (novice HEAE)
  4497 | D:6      | Demolished by an ogre

Skill      XL: |  1  2  3  4  5  6  7 |
---------------+----------------------+-----
Long Blades    | 2 3 4 5 |  5.5
Fighting       | 3 4 5 |  5.8
Shields        | 3 |  3.4
Armour         | |  2.6

Action                   |  1- 3 |  4- 6 |  7- 9 || total
-------------------------+-------+-------+-------++-------
Melee: Long sword        |   157 |   226 |    82 ||   465
  Use: Scroll            |       |     6 |       ||     6
       Potion            |       |     5 |     4 ||     9
  Eat: Chunk             |     4 |     6 |     3 ||    13
Armor: Scale mail        |    53 |       |       ||    53
       Chain mail        |    29 |   139 |    31 ||   199
Dodge: Dodged            |    42 |    63 |    16 ||   121
Block: Shield            |    57 |       |       ||    57
       Buckler           |    11 |    63 |    16 ||    90
       Rpst.: Long sword |    17 |    20 |     6 ||    43
